 Dungeon Crawl Stone Soup version 0.27.1-4-g1640c2035a (webtiles) character file.

Game seed: 16214531795117828039

830 Crownlay the Cleaver (level 7, -1/57 HPs)
             Began as a Hill Orc Fighter on Nov 6, 2021.
             Was a Follower of Okawaru.
             Slain by a yak (13 damage)
             ... on level 3 of the Dungeon.
             The game lasted 00:06:51 (4405 turns).

Crownlay the Cleaver (Hill Orc Fighter)             Turns: 4405, Time: 00:06:52

Health: -1/57      AC:  8    Str: 21    XL:     7   Next: 97%
Magic:  7/7        EV: 11    Int:  8    God:    Okawaru [*.....]
Gold:   190        SH:  5    Dex: 16    Spells: 6/6 levels left

rFire    . . .     SeeInvis .   a - +0 war axe
rCold    . . .     Faith    .   (no shield)
rNeg     . . .     Spirit   .   o - +0 acid dragon scales
rPois    .         Reflect  +   h - +0 helmet
rElec    .         Harm     .   (no cloak)
rCorr    +         Rampage  .   (no gloves)
Will     .....                  (no boots)
Stlth    +.........             b - amulet of reflection
HPRegen  0.19/turn              u - +6 ring of dexterity
MPRegen  0.10/turn              (no ring)

@: no status effects
A: no striking features
a: Renounce Religion, Heroism


You were on level 3 of the Dungeon.
You worshipped Okawaru.
Okawaru was aware of your devotion.
You visited 2 branches of the dungeon, and saw 5 of its levels.

You collected 190 gold pieces.

Inventory:

Hand Weapons
 a - a +0 war axe (weapon)
 e - a +0 hunting sling
Missiles
 f - 116 stones (quivered)
 s - 4 atropa-tipped darts
Armour
 c - a +0 kite shield
 h - a +0 helmet (worn)
 o - +0 acid dragon scales (worn)
Jewellery
 b - an amulet of reflection (around neck)
 u - a +6 ring of dexterity (left hand)
Wands
 t - a wand of iceblast (9)
Scrolls
 g - a scroll of identify
 k - a scroll of amnesia
 m - 4 scrolls of teleportation
 n - a scroll of noise
 q - a scroll of fog
Potions
 d - 3 potions of might
 i - a potion of berserk rage
 j - a potion of invisibility
 l - a potion of ambrosia
 p - 2 potions of resistance
 r - a potion of magic {unknown}


   Skills:
 - Level 3.6 Fighting
 * Level 9.6 Axes
 - Level 3.2 Armour
 + Level 6.3 Shields


You had 6 spell levels left.
You didn't know any spells.
Your spell library contained the following spells:

 Spells                   Type           Power      Damage    Failure   Level
 Summon Small Mammal      Summ           0%         N/A       50%         1
 Call Canine Familiar     Summ           0%         N/A       86%         3
 Summon Guardian Golem    Hex/Summ       0%         N/A       86%         3


Dungeon Overview and Level Annotations

Branches:
Dungeon (4/15)             Temple (1/1) D:4

Altars:
Elyvilon
Fedhas
Kikubaaqudgha
Makhleb
Okawaru
Ru
Trog
Uskayaw
Xom
Yredelemnul

Annotations:
D:4 2 runed translucent doors, zurenarrh's ghost, amateur HOFi


Message History

The yak is severely wounded.
The yak misses you.
You slash the yak!
The yak is almost dead.
The yak barely misses you.
You hit the yak.
You kill the yak!
Okawaru is honoured by your kill.
No target in view!
HP restored.
Done exploring.
You climb downwards.
Level annotation: 2 runed translucent doors, zurenarrh's ghost, amateur HOFi The yak gores you!
The yak barely misses you.
The yak gores you but does no damage. x3; The yak gores you!
There is a stone staircase leading up, spattered with blood here.
You block the yak's attack. The yak barely misses you.
You block the yak's attack. The yak misses you.
There is a stone staircase leading up here.
The yak gores you!
You climb upwards.
There is a stone staircase leading down here.
You slash the yak!
The yak is moderately wounded.
You hit the yak. You block the yak's attack. The yak closely misses you.
The yak gores you!
You are too injured to fight recklessly!
You hit the yak.
The yak is moderately wounded.
You slash the yak! The yak gores you.
* * * LOW HITPOINT WARNING * * *
The yak gores you.
* * * LOW HITPOINT WARNING * * *
You slash the yak!
The yak is heavily wounded.
You hit the yak. The yak gores you.
* * * LOW HITPOINT WARNING * * *
The yak gores you!
You die...

#.# #.......# #.#
#.#####.# ######
######.# #.# #.# .....#
#......# #.# #.# ####.#
#.###..###.## #.# #
#.######.# #..##.>.#
#.# # #......#.#
#.......# #.#
#########.#.# ##Y##...#
#.###### #...........#
#@#########.......
#.#######.### #Y##
#..........## ..# ##.##
#..# #.########.##
..######...######.###.#
#.##
....<.................#
#.##
#.######...######.#####
#.## #.###......## #.#
###.## #.##........##
#.# #...#
#.##.........# #.#
#.###


You could see 2 yaks.

Vanquished Creatures
  Sigmund (D:3)
  2 yaks
  2 scorpions (D:4)
  A hound (D:4)
  Ijyb (D:4)
  A hound skeleton (D:4)
  Robin (D:2)
  3 gnolls
  7 adders
  A shadow imp (D:4)
  2 worms
  2 dart slugs
  3 orcs (D:3)
  4 endoplasms
  2 giant cockroaches
  14 goblins
  9 hobgoblins
  7 jackals
  5 kobolds
  3 quokkas
  6 ball pythons
  6 bats
  3 frilled lizards
  5 rats
91 creatures vanquished.

Vanquished Creatures (others)
  3 plants (D:4)
3 creatures vanquished.

Grand Total: 94 creatures vanquished

Notes
Turn   | Place    | Note
-------+----------+-------------------------------------------
     0 | D:1      | Crownlay the Hill Orc Fighter began the quest for the Orb.
     0 | D:1      | Reached XP level 1. HP: 19/19 MP: 1/1
   151 | D:1      | Reached skill level 3 in Axes
   171 | D:1      | Found a faded altar of an unknown god.
   238 | D:1      | Reached XP level 2. HP: 26/26 MP: 2/2
   774 | D:1      | Reached skill level 4 in Axes
   777 | D:1      | Reached XP level 3. HP: 31/31 MP: 3/3
  1086 | D:2      | Noticed Robin
  1103 | D:2      | Killed Robin
  1108 | D:2      | Reached XP level 4. HP: 11/39 MP: 4/4
  1119 | D:2      | Reached skill level 5 in Axes
  1124 | D:2      | HP: 1/39 [goblin[Robin] (2)]
  1697 | D:2      | Found a blossoming altar of Fedhas.
  2315 | D:3      | Reached XP level 5. HP: 44/45 MP: 5/5
  2731 | D:3      | Noticed Sigmund
  2744 | D:3      | Killed Sigmund
  2745 | D:3      | Reached skill level 7 in Axes
  2745 | D:3      | Reached skill level 5 in Shields
  2745 | D:3      | Reached XP level 6. HP: 15/51 MP: 6/6
  3626 | D:4      | Found a runed translucent door.
  3629 | D:4      | Noticed zurenarrh's ghost (amateur HOFi)
  3651 | D:4      | Found a staircase to the Ecumenical Temple.
  3661 | Temple   | Entered the Ecumenical Temple
  3671 | Temple   | Became a worshipper of Warmaster Okawaru
  3728 | D:4      | Found a burning altar of Makhleb.
  3735 | D:4      | Reached skill level 8 in Axes
  3735 | D:4      | Reached XP level 7. HP: 53/57 MP: 7/7
  3770 | D:4      | Noticed Ijyb
  3783 | D:4      | Killed Ijyb
  3929 | D:4      | Found a runed translucent door.
  4237 | D:4      | Noticed a yak
  4238 | D:4      | Noticed a yak
  4246 | D:4      | Noticed a yak
  4252 | D:4      | Noticed a yak
  4254 | D:4      | Noticed a yak
  4262 | D:4      | Killed a yak
  4262 | D:4      | Reached * piety under Okawaru
  4263 | D:4      | Reached skill level 9 in Axes
  4264 | D:4      | Noticed a yak
  4291 | D:3      | Killed a yak
  4405 | D:3      | Slain by a yak

Illustrated notes

Levels and vault maps discovered:
D:1:      minmay_arrival_split_and_join, layout_basic,
          ebering_ecumenical_altar_hall
D:2:      layout_rooms, basic_altar, serial_curves, eino_curves_01,
          eino_curves_01, hangedman_abyss_or_decor_lesser_grid,
          kennysheep_nondescript, st_stairs_7, uniq_robin
D:3:      layout_loops_ring, grunt_ministairs_10, uniq_sigmund
D:4:      layout_cave_pools, makhleb_heckhound_becter,
          nicolae_hepliaklqana_hippocampus, minmay_temple_entry_overgrown,
          ebering_ghost_sewer_f, uniq_ijyb
Temple:   nicolae_temple_great_sept

Skill      XL: |  1  2  3  4  5  6  7 |
---------------+----------------------+-----
Axes           | 3 4 5 7 8 9 |  9.6
Shields        | 4 5 6 |  6.3
Fighting       | |  3.6
Armour         | |  3.2

Action                   |  1- 3 |  4- 6 |  7- 9 || total
-------------------------+-------+-------+-------++-------
Melee: War axe           |    17 |   125 |    53 ||   195
 Fire: Hunting sling     |   118 |    49 |       ||   167
Throw: Dart              |       |       |     2 ||     2
  Use: Potion            |     1 |     3 |       ||     4
       Scroll            |       |     8 |       ||     8
Armor: Scale mail        |    49 |    55 |       ||   104
       Acid dragon scale |       |    22 |    14 ||    36
Dodge: Dodged            |    40 |    69 |    29 ||   138
Block: Kite shield       |     3 |       |       ||     3
       Other             |       |     6 |    10 ||    16
